 Dungeon Crawl Stone Soup version 0.32-a0-520-g344ed53f66 (webtiles) character file.

Game seed: 12007706262863344520

64 lordive the Cudgeller (level 4, -1/45 HPs)
             Began as an Oni Gladiator on Feb 28, 2024.
             Slain by Duvessa
             ... wielding a +0 short sword
              (4 damage)
             ... on level 4 of the Dungeon.
             The game lasted 00:02:46 (839 turns).

lordive the Cudgeller (Oni Gladiator)                Turns: 839, Time: 00:02:47

Health: -1/45      AC:  3    Str: 18    XL:     4   Next: 12%
Magic:  4/4        EV: 10    Int: 11    God:
Gold:   70         SH:  0    Dex: 10    Spells: 3/3 levels left

rFire   . . .        a - +0 flail
rCold   . . .        (no shield)
rNeg    . . .        b - +0 robe
rPois   .            c - +0 hat
rElec   .            (no cloak)
rCorr   .            (gloves unavailable)
SInv    .            (boots unavailable)
Will    .....        (no amulet)
Stlth   +            (no ring)
HPRegen 0.27/turn    (no ring)
MPRegen 0.09/turn

%: no passive effects
@: no status effects
A: large, unfitting armour, horns 1, tough skin 1, double potion healing,
drunken brawling
a: no special abilities


You were on level 4 of the Dungeon.
You visited 1 branch of the dungeon, and saw 4 of its levels.

You collected 70 gold pieces.

Inventory:

Hand Weapons
 a - a +0 flail (weapon)
Missiles
 d - 3 throwing nets (quivered)
 e - a large rock
Armour
 b - a +0 robe (worn)
 c - a +0 hat (worn)
Talismans
 i - a flux talisman
Scrolls
 h - a scroll of teleportation {unknown}
 j - a scroll of amnesia {unknown}
 k - a scroll of summoning {unknown}
 l - a scroll of identify {unknown}
Potions
 f - a potion of curing {unknown}
 g - a potion of invisibility {unknown}


   Skills:
 + Level 3.1 Fighting
 + Level 3.9 Maces & Flails
 + Level 2.0 Throwing
 + Level 3.4 Dodging
 + Level 0.1 Stealth


You had 3 spell levels left.
You didn't know any spells.
Your spell library contained the following spells:

 Spells                   Type           Power      Damage    Failure   Level
 Magic Dart               Conj           0%         1d3       34%         1
 Blink                    Tloc           0%         N/A       47%         2
 Call Imp                 Summ           0%         N/A       47%         2
 Volatile Blastmotes      Fire/Tloc      0%         2d10      71%         3
 Fulminant Prism          Conj/Alch      0%         3d5       98%         4
 Iskenderun's Mystic Bla  Conj/Tloc      0%         2d3       98%         4


Dungeon Overview and Level Annotations

Branches:
Dungeon (4/15)
 Temple: D:4-7

Altars:

Shops:
D:4 (==

Annotations:
D:4 Dowan, Duvessa


Innate Abilities, Weirdness & Mutations

You are too large for most types of armour.
You have a pair of small horns on your head.
You have tough skin. (AC +1)
You gain doubled healing and magic from potions.
Whenever you drink a healing potion, you attack all around you.


Message History

You pick up a book of Minor Magic and begin reading...
You add the spells Magic Dart, Blink and Call Imp to your library.
No target in view!
No target in view!
Found Ylamaics's Jewellery Emporium.
Found Cerr's Antique Weapon Emporium.
Found a stone staircase leading up.
Found 6 stones.
Found Rehoelea's Jewellery Shop.
There is an entrance to Rehoelea's Jewellery Shop here.
Duvessa, Sister of Dowan comes into view.
She is wielding a +0 short sword.
Duvessa is nearby!
Dowan, Brother of Duvessa comes into view.
He is wielding a +0 dagger.
Dowan shouts!
Duvessa hits you with a +0 short sword.
You hit Duvessa but do no damage. Duvessa hits you with a +0 short sword.
You hit Duvessa. Your headbutt misses Duvessa.
Duvessa is lightly wounded.
Dowan mumbles some strange words.
Dowan blinks!
Duvessa hits you with a +0 short sword!
A scorpion comes into view.
Duvessa hits you with a +0 short sword!
You thump Duvessa!
Duvessa is moderately wounded.
Dowan casts a spell at you. The puff of flame hits you! Duvessa misses you.
You are too injured to fight recklessly!
Dowan hits you with a +0 dagger.
A bombardier beetle comes into view.
Dowan attacks as he pursues you! Dowan misses you.
Dowan attacks as he pursues you! Dowan hits you with a +0 dagger.
* * * LOW HITPOINT WARNING * * *
Duvessa attacks as she pursues you! Duvessa barely misses you.
Duvessa attacks as she pursues you! Duvessa misses you.
Dowan says, "Stay away from my face!"
Duvessa attacks as she pursues you! Duvessa hits you with a +0 short sword!
* * * LOW HITPOINT WARNING * * *
Dowan points at Duvessa and mumbles some strange words.
Duvessa seems to speed up.
There is a stone staircase leading up here.
Duvessa hits you with a +0 short sword.
You die...

#...## #.. #...#
##...#######.# #...#
####....##.....# #.<.# #
............# #.# #...#∩####
............###.# #...#....#
>.......##...##.## #.......(#
........###....[.#####..###..#
.######## ###.#....s...#.#.# #
#.#.@e.e...##∩#
#.#........#.#.#
.......###...###..
..#.###....#.......#
.......##........##
#######..∩..####### ####.. #..
##.


You could see Duvessa (fast), Dowan and a scorpion.

Vanquished Creatures
  An iguana (D:4)
  An adder (D:3)
  4 orcs
  4 bats
  5 endoplasms
  A giant cockroach (D:3)
  A goblin (D:3)
  2 hobgoblins
  2 ball pythons (D:3)
  A frilled lizard (D:2)
  2 kobolds
24 creatures vanquished.

Notes
Turn   | Place    | Note
-------+----------+-------------------------------------------
     0 | D:1      | lordive the Oni Gladiator began the quest for the Orb.
     0 | D:1      | Reached XP level 1. HP: 22/22 MP: 1/1
   270 | D:2      | Reached XP level 2. HP: 20/29 MP: 2/2
   429 | D:3      | Identified the +0 leather armour of Purpose {Fly rElec
                  | rPois Str-4}
   467 | D:3      | Reached XP level 3. HP: 37/37 MP: 3/3
   635 | D:4      | Reached XP level 4. HP: 23/45 MP: 4/4
   815 | D:4      | Found Ylamaics's Jewellery Emporium.
   816 | D:4      | Found Cerr's Antique Weapon Emporium.
   818 | D:4      | Found Rehoelea's Jewellery Shop.
   823 | D:4      | Noticed Duvessa
   824 | D:4      | Noticed Dowan
   828 | D:4      | Noticed a scorpion
   837 | D:4      | HP: 2/45 [Duvessa/+0 short sword (10)]
   839 | D:4      | Slain by Duvessa

Illustrated notes

Levels and vault maps discovered:
D:1:      lightli_arrival_flooded_house, layout_basic, serial_forest,
          infiniplex_forest_straight_2, infiniplex_forest_clump_diagonal,
          infiniplex_forest_straight_1, infiniplex_forest_clump_diagonal,
          infiniplex_forest_end_3, infiniplex_forest_3_way, minmay_bisected
D:2:      layout_basic, uniq_terence
D:3:      layout_rooms
D:4:      layout_rooms, gammafunk_ghost_mausoleum, serial_shops, shop,
          nicolae_shop_real_fake_doors, nicolae_shop_tiny_waterfront, shop,
          nicolae_shop_gaudy_bauble, uniq_duvessa, uniq_grinder,
          uniq_crazy_yiuf_cottage, uniq_eustachio

Skill      XL: |  1  2 |
---------------+-------+-----
Fighting       | 3 |  3.1
Dodging        | 3 |  3.4
Maces & Flails | |  3.9
Throwing       | |  2.0
Stealth        | |  0.1

Action                     |  1- 3 |  4- 6 || total
---------------------------+-------+-------++-------
  Melee: Flail             |    61 |     9 ||    70
         Headbutt          |     6 |     1 ||     7
   Stab: Sleeping          |     1 |       ||     1
 Armour: Robe              |    54 |    13 ||    67
  Dodge: Dodged            |    43 |     5 ||    48

Table legend: (Time is in decaauts)
 A = Elapsed time spent in this place.
 B = Non-inter-level travel time spent in this place.
 C = Inter-level travel time spent in this place.
 D = Time resting spent in this place.
 E = Time spent auto-exploring this place.
 F = Levels seen in this place.
 G = Mean time per level.
                   A        B        C        D        E       F      G
               +--------+--------+--------+--------+--------+-----+--------+
         Total |    854 |    832 |     22 |     51 |    555 |   4 |  213.5 |
       Dungeon |    854 |    832 |     22 |     51 |    555 |   4 |  213.5 |
               +--------+--------+--------+--------+--------+-----+--------+

Top non-repeatable levels by time:
     D:3: 298 daAuts
     D:1: 220 daAuts
     D:4: 213 daAuts
     D:2: 121 daAuts
